 Dungeon Crawl Stone Soup version 0.29-a0-925-g0a7a3d12f8 (webtiles) character file.

Game seed: 7492545888969592381

599 Asher535 the Conjurer (level 7, 0/58 HPs)
             Began as a Red Draconian Conjurer on July 29, 2022.
             Was a Priest of Cheibriados.
             Slain by Duvessa
             ... wielding a +0 rapier
              (6 damage)
             ... on level 5 of the Dungeon.
             The game lasted 00:17:47 (5710 turns).

Asher535 the Conjurer (Red Draconian Conjurer)      Turns: 5710, Time: 00:17:48

Health: 0/58       AC:  6    Str: 16    XL:     7   Next: 17%
Magic:  7/12       EV: 13    Int: 28    God:    Cheibriados [***...]
Gold:   253        SH:  0    Dex: 16    Spells: 10/13 levels left

rFire   + . .      SeeInvis .   l - +0 sling
rCold   . . .      Faith    .   (no shield)
rNeg    . . .      Spirit   .   (body armour unavailable)
rPois   .          Reflect  .   (helmet restricted)
rElec   .          Harm     .   (no cloak)
rCorr   .          Rampage  .   (no gloves)
Will    .....                   (no boots)
Stlth   ++........              (no amulet)
HPRegen 0.19/turn               (no ring)
MPRegen 0.13/turn               (no ring)

@: short of breath, very slow
A: breathe fire, AC +6, unfitting armour, fire resistance 1, cold-blooded
a: Breathe Fire, Renounce Religion, Bend Time, Temporal Distortion


You were on level 5 of the Dungeon.
You worshipped Cheibriados.
Cheibriados was most pleased with you.
You visited 1 branch of the dungeon, and saw 5 of its levels.

You collected 253 gold pieces.

Inventory:

Hand Weapons
 b - a +0 dagger
 j - a +0 scythe
 l - a +0 sling (weapon)
 D - the +3 flail of Crusades {speed, rN++}
   (You found it on level 4 of the Dungeon)

   Attacks with this weapon are significantly faster.
   rN:        It greatly protects you from negative energy.
   Cheibriados disapproves of the use of such an item.
Missiles
 d - 3 curare-tipped darts
 f - 11 poisoned darts
Armour
 h - an orb of guile
 m - a +2 helmet
Jewellery
 q - a ring of protection from fire
 A - an amulet of the acrobat
Scrolls
 g - a scroll of vulnerability {unknown}
 i - a scroll of summoning {unknown}
 p - a scroll of enchant armour {unknown}
 u - 4 scrolls of teleportation
 v - 2 scrolls of fear {unknown}
 w - 2 scrolls of amnesia
 y - 2 scrolls of identify
 B - a scroll of noise {unknown}
Potions
 a - a potion of magic
 c - 3 potions of brilliance
 e - 3 potions of degeneration {unknown}
 k - a potion of attraction {unknown}
 n - 2 potions of berserk rage {unknown}
 o - 2 potions of curing {unknown}
 s - a potion of lignification {unknown}
 t - 2 potions of mutation {unknown}
 x - a potion of might {unknown}
 z - a potion of resistance {unknown}
 C - a potion of ambrosia {unknown}
 E - a potion of cancellation {unknown}
 F - a potion of invisibility {unknown}
 G - a potion of heal wounds {unknown}


   Skills:
 + Level 3.6 Fighting
 + Level 3.7 Dodging
 - Level 2.0 Stealth
 + Level 3.9 Spellcasting
 + Level 5.4 Conjurations
 + Level 1.4 Ice Magic


You had 10 spell levels left.
You knew the following spells:

 Your Spells              Type           Power      Damage    Failure   Level
a - Magic Dart            Conj           100%       1d8       1%          1
b - Searing Ray           Conj           70%        2d7       1%          2

Your spell library contained the following spells:

 Spells                   Type           Power      Damage    Failure   Level
 Dazzling Flash           Conj/Hex       40%        N/A       8%          3
 Ozocubu's Armour         Ice            13%        N/A       13%         3
 Hailstorm                Conj/Ice       24%        3d7       19%         4
 Fulminant Prism          Conj/Hex       10%        3d9       24%         4
 Iskenderun's Mystic Bla  Conj/Tloc      20%        2d6       24%         4
 Ice Form                 Ice/Tmut       9%         N/A       50%         4
 Summon Ice Beast         Ice/Summ       9%         N/A       50%         4
 Summon Mana Viper        Hex/Summ       5%         N/A       91%         5
 Simulacrum               Ice/Necr       4%         N/A       100%        6
 Monstrous Menagerie      Summ           2%         N/A       100%        7
 Ozocubu's Refrigeration  Ice            6%         4d6       100%        7


Dungeon Overview and Level Annotations

Branches:
Dungeon (5/15)
 Temple: D:4-7

Altars:
Cheibriados
Nemelex Xobeh
Sif Muna

Shops:
D:3 !

Annotations:
D:5 Duvessa


Innate Abilities, Weirdness & Mutations

You can breathe blasts of fire.
Your fiery red scales are hard. (AC +6)
You cannot fit into any form of body armour.
Your flesh is heat resistant. (rF+)
You are cold-blooded and may be slowed by cold attacks.


Message History

The searing ray hits Dowan!
Dowan is almost dead.
You finish channelling your searing ray.
Dowan casts a spell at Duvessa.
Duvessa seems to speed up.
Duvessa hits you but does no damage.
Dowan mumbles some strange words.
Dowan blinks!
Aiming: Breathe Fire (5% risk of failure)
Press: ? - help, Shift-Dir - straight line, f/p - Dowan
Aim: Dowan, wielding a +0 dagger and wearing a +0 robe (almost dead, 56% to hit)
You breathe a blast of fire.
The fiery breath hits Duvessa.
Duvessa is lightly wounded.
The fiery breath misses Dowan.
Duvessa hits you with a +0 rapier!
Dowan is engulfed in blazing flames.
You kill Dowan!
Cheibriados appreciates the change of pace.
Duvessa screams in rage.
Duvessa goes berserk!
Duvessa hits you with a +0 rapier! Duvessa attacks as you move away!
Duvessa closely misses you.
Duvessa rages.
Duvessa closely misses you. Duvessa attacks as you move away!
Duvessa misses you. Duvessa closely misses you.
Duvessa hits you with a +0 rapier! Duvessa attacks as you move away!
Duvessa hits you with a +0 rapier! Duvessa hits you with a +0 rapier.
Casting: Searing Ray (safe; 1% risk of failure)
Confirm with . or Enter, or press ? or * to list all spells.
Aiming: Magic Dart (safe; 1% risk of failure)
Press: ? - help, Shift-Dir - straight line, f - Duvessa
Aim: Duvessa, wielding a +0 rapier and wearing a +0 ring mail (berserk, fast, 100% to hit)
The magic dart hits Duvessa but does no damage.
Duvessa hits you but does no damage.
Really read the scroll of poison?
The air fills with toxic fumes!
As you read the scroll of poison, it crumbles to dust.
Duvessa hits you with a +0 rapier!
* * * LOW HITPOINT WARNING * * *
Duvessa hits you with a +0 rapier.
You die...

#.# #.# #.#
########.# #######
#########........#
.......
#§§..§§.#.######.#
####...
#§##§##.#.# ####.#
#
#§#§#.#.#.###.....
#
#@§###..#.##......
# #e##
##...........
#§§###..#........#
..
###§#.##########.#
#.# ##§# #.# #.#
#§# #+# # #.# ..§
## #.# # .## .##
##.## )#


You could see Duvessa (berserk, fast).

Vanquished Creatures
  Sigmund (D:2)
  A black bear (D:4)
  A necrophage (D:5)
  Dowan (D:5)
  2 hounds (D:5)
  Terence (D:3)
  An iguana (D:4)
  4 gnolls
  3 adders
  2 worms
  A dart slug (D:3)
  2 orcs
  4 ball pythons
  8 bats
  7 endoplasms
  2 giant cockroaches
  7 goblins
  7 hobgoblins
  7 jackals
  3 quokkas
  2 frilled lizards (D:1)
  3 kobolds
  4 rats
74 creatures vanquished.

Vanquished Creatures (others)
  A plant (D:1)
1 creature vanquished.

Grand Total: 75 creatures vanquished

Notes
Turn   | Place    | Note
-------+----------+-------------------------------------------
     0 | D:1      | Asher535 the Draconian Conjurer began the quest for the
                  | Orb.
     0 | D:1      | Reached XP level 1. HP: 14/14 MP: 3/3
   174 | D:1      | Reached XP level 2. HP: 20/20 MP: 1/5
   486 | D:1      | Learned a level 2 spell: Searing Ray
   667 | D:1      | Found a faded altar of an unknown god.
  1100 | D:1      | Prayed at the altar of an unknown god.
  1100 | D:1      | Became a worshipper of Cheibriados the Contemplative
  1100 | D:1      | Reached * piety under Cheibriados
  1224 | D:2      | Noticed Sigmund
  1236 | D:2      | Killed Sigmund
  1237 | D:2      | Reached XP level 3. HP: 22/29 MP: 0/7
  1237 | D:2      | Reached XP level 4. HP: 28/36 MP: 0/8
  1237 | D:2      | Reached XP level 5. HP: 32/41 MP: 0/9
  1423 | D:1      | HP: 1/42 [gnoll/+0 club (7)]
  2763 | D:2      | Reached ** piety under Cheibriados
  3087 | D:3      | Found Qezxe's Distillery.
  3242 | D:3      | Reached skill level 5 in Conjurations
  3363 | D:3      | Reached XP level 6. HP: 50/50 MP: 4/11
  3633 | D:3      | Noticed Terence
  3642 | D:3      | Killed Terence
  3805 | D:4      | Reached skill level 1 in Ice Magic
  4461 | D:4      | Reached *** piety under Cheibriados
  4498 | D:4      | Identified the +3 flail of Crusades {speed, rN++}
  4590 | D:4      | Found a sparkling altar of Nemelex Xobeh.
  4590 | D:4      | Found a shimmering blue altar of Sif Muna.
  5077 | D:5      | Entered Level 5 of the Dungeon
  5197 | D:5      | Noticed a sky beast
  5365 | D:5      | Your scales start taking on a fiery red colour.
  5365 | D:5      | Reached XP level 7. HP: 57/57 MP: 5/12
  5365 | D:5      | Gained mutation: Your flesh is heat resistant. (rF+) [Red
                  | Draconian growth]
  5494 | D:5      | Found a sand-covered staircase.
  5697 | D:5      | Noticed Dowan
  5697 | D:5      | Noticed Duvessa
  5705 | D:5      | Killed Dowan
  5710 | D:5      | Slain by Duvessa

Illustrated notes

Levels and vault maps discovered:
D:1:      eino_arrival_tree_alley, layout_basic,
          shapermc_ecumenical_altar_mp_urbaneastern
D:2:      layout_basic, uniq_sigmund
D:3:      layout_rooms, serial_shops, shop, uniq_terence
D:4:      layout_loops_corners, amethyst_overflow_temple_binary,
          dk_rats_in_the_wall
D:5:      layout_loops_corners, enter_ossuary_1, uniq_duvessa

Skill      XL: |  1  2  3  4  5  6 |
---------------+-------------------+-----
Stealth        | 2 |  2.0
Dodging        | 2 3 |  3.7
Fighting       | 2 3 |  3.6
Spellcasting   | 3 |  3.9
Conjurations   | 5 |  5.4
Ice Magic      | 1 |  1.4

Action                   |  1- 3 |  4- 6 |  7- 9 || total
-------------------------+-------+-------+-------++-------
Melee: Dagger            |    18 |       |       ||    18
       Tailslap          |     5 |       |       ||     5
 Fire: Sling             |       |     4 |       ||     4
 Cast: Magic Dart        |    36 |   107 |     2 ||   145
       Searing Ray       |       |    10 |     2 ||    12
Invok: Bend Time         |       |     1 |       ||     1
 Abil: Breathe Fire      |       |       |     1 ||     1
  Use: Scroll            |       |     4 |     1 ||     5
Armor: Skin              |     2 |     7 |     3 ||    12
Dodge: Dodged            |    14 |    38 |     6 ||    58

Table legend: (Time is in decaauts)
 A = Elapsed time spent in this place.
 B = Non-inter-level travel time spent in this place.
 C = Inter-level travel time spent in this place.
 D = Time resting spent in this place.
 E = Time spent auto-exploring this place.
 F = Levels seen in this place.
 G = Mean time per level.
                   A        B        C        D        E       F      G
               +--------+--------+--------+--------+--------+-----+--------+
         Total |   7135 |   6988 |    147 |    667 |   4925 |   5 | 1427.0 |
       Dungeon |   7135 |   6988 |    147 |    667 |   4925 |   5 | 1427.0 |
               +--------+--------+--------+--------+--------+-----+--------+

Top non-repeatable levels by time:
     D:4: 1878 daAuts
     D:1: 1754 daAuts
     D:2: 1654 daAuts
     D:3: 928 daAuts
     D:5: 919 daAuts
